 Dungeon Crawl Stone Soup version 0.19.5 (webtiles) character file.

65 djnw the Caller (level 3, -7/24 HPs)
             Began as a Mummy Summoner on Mar 25, 2017.
             Killed from afar by an orc wizard (16 damage)
             ... with a puff of flame
             ... on level 3 of the Dungeon.
             The game lasted 00:07:39 (2417 turns).

djnw the Caller (Mummy Summoner)                    Turns: 2417, Time: 00:07:40

Health: -7/24      AC:  4    Str: 11    XL:     3   Next: 92%
Magic:  2/7        EV: 12    Int: 15    God:
Gold:   77         SH:  3    Dex: 12    Spells: 3 memorised, 1 level left

rFire  x . .     SeeInvis .     g - +0 quarterstaff
rCold  + . .     Gourm    .     a - +0 robe
rNeg   + + +     Faith    .     (shield currently unavailable)
rPois  ∞         Spirit   .     d - +0 helmet
rElec  .         Reflect  +     (no cloak)
rCorr  +         Harm     .     f - +0 pair of gloves
MR     .....                    (no boots)
Stlth  ++........               e - +3 amulet of reflection
                                (no ring)
                                h - ring of resist corrosion

@: very slightly contaminated
A: no food or potions, fire vulnerability, cold resistance 1, negative energy
resistance 3, torment resistance, unbreathing
a: no special abilities


You were on level 3 of the Dungeon.
You were not hungry.

You visited 1 branch of the dungeon, and saw 3 of its levels.

You collected 77 gold pieces.

Inventory:

Hand Weapons
 g - a +0 quarterstaff (weapon)
Armour
 a - a +0 robe (worn)
 d - a +0 helmet (worn)
 f - a +0 pair of gloves (worn)
Jewellery
 e - a +3 amulet of reflection (around neck)
 h - a ring of resist corrosion (left hand)
Scrolls
 c - a scroll of remove curse
 j - a scroll of magic mapping {unknown}
Books
 b - a book of Callings

   Spells                             Type                      Level
   a - Summon Small Mammal            Summoning                    1
   b - Call Imp                       Summoning                    2
   c - Call Canine Familiar           Summoning                    3
   d - Summon Guardian Golem          Hexes/Summoning              3
   e - Summon Lightning Spire         Summoning/Air                4
   f - Summon Ice Beast               Ice/Summoning                4


   Skills:
 - Level 1.5 Dodging
 - Level 1.5 Stealth
 + Level 2.8 Spellcasting
 * Level 4.1 Summonings


You had one spell level left.
You knew the following spells:

 Your Spells              Type           Power        Failure   Level  Hunger
a - Summon Small Mammal   Summ           ##..         4%          1    N/A
b - Call Imp              Summ           ##......     8%          2    N/A
c - Call Canine Familiar  Summ           ##......     14%         3    N/A

Dungeon Overview and Level Annotations

Branches:
Dungeon (3/15)

Altars:
Gozag
Makhleb
The Shining One

Annotations:
D:2 Sigmund


Innate Abilities, Weirdness & Mutations

You do not eat or drink.
Your flesh is vulnerable to fire.
You are immune to poison.
Your flesh is cold resistant. (rC+)
You are immune to negative energy. (rN+++)
You are immune to unholy pain and torment.
You can survive without breathing.


Message History

Something hits your crimson imp.
Your crimson imp blinks!
Something misses your crimson imp.
Your crimson imp closely misses something.
You hear the brisk rusting of a drain nearby.
Something misses your crimson imp.
Your crimson imp hits something but does no damage.
Something closely misses your crimson imp.
Your crimson imp hits something.
Your crimson imp disappears in a puff of smoke!
You hear some strange, mumbled words.
A puff of frost appears from out of thin air!
The puff of frost hits you! You resist.
You hear some strange, mumbled words.
Something hits you.
You hear some strange, mumbled words.
A puff of flame appears from out of thin air!
The puff of flame hits you! The fire burns you terribly!
Ouch! That really hurt!
You die...

#...# #.# ###
##...########.## #..
...............##.# .
..................# ..
...............#..#
...
##...#####...#.#.#....
#...# #...#[).##.#
<....# #..........#
##...# #..##.#@####
#...# #.......# ##
....# #######.# .. #b#
.# #(###o.##..
#oo.{o>....
###########


You could see 2 orcs and a bat.

Vanquished Creatures
  A gnoll (D:2)
  An adder (D:2)
  An orc (D:3)
  A giant cockroach (D:2)
  2 hobgoblins
  4 jackals
  A quokka (D:2)
  3 bats (D:3)
  2 frilled lizards
  2 kobolds
  3 rats
21 creatures vanquished.

Vanquished Creatures (collateral kills)
  An adder (D:3)
  A leopard gecko (D:1)
  5 orcs (D:3)
  A giant cockroach (D:3)
  A goblin (D:1)
  4 hobgoblins
  4 jackals
  A quokka (D:3)
  A bat (D:1)
  2 frilled lizards (D:1)
  3 rats
24 creatures vanquished.

Grand Total: 45 creatures vanquished

Notes
Turn   | Place    | Note
-------+----------+-------------------------------------------
     0 | D:1      | djnw the Mummy Summoner began the quest for the Orb.
     0 | D:1      | Reached XP level 1. HP: 13/13 MP: 3/3
   379 | D:1      | Reached XP level 2. HP: 14/19 MP: 3/5
   385 | D:1      | Learned a level 2 spell: Call Imp
  1305 | D:2      | Noticed Sigmund
  1767 | D:2      | Reached XP level 3. HP: 13/24 MP: 6/6
  1772 | D:2      | Learned a level 3 spell: Call Canine Familiar
  2178 | D:3      | Reached skill level 4 in Summonings
  2232 | D:3      | Found a glowing golden altar of the Shining One.
  2232 | D:3      | Found a burning altar of Makhleb.
  2233 | D:3      | Found an opulent altar of Gozag.
  2417 | D:3      | Killed from afar by an orc wizard

Skill      XL: |  1  2  3 |
---------------+----------+-----
Summonings     | 4 |  4.1
Dodging        | |  1.5
Stealth        | |  1.5
Spellcasting   | |  2.8

Action                   || total
-------------------------++-------
Melee: Unarmed           ||    23
       Hand axe          ||    17
       Quarterstaff      ||    55
 Cast: Summon Small Mamm ||    10
       Call Imp          ||    10
       Call Canine Famil ||     4
  Use: Scroll            ||     4
 Stab: Sleeping          ||     2
Armor: Robe              ||    42
Dodge: Dodged            ||    83
Block: Other             ||    11
